Map: [ESL] Amphion

Players

Clem - Winner!

  • Race: Terran Terran
  • Spawn Location: 11:00

milkicow

  • Race: Terran Terran
  • Spawn Location: 7:00

Event: ESL SC2 Masters 2024 Spring (Regional)

VOD

Have the link to the VOD?

Description

Time

  • Played on: April 10, 2024, 10:26 a.m.
  • Length: 9:22

All games in this series

Show
View Real Time Build Order
Export as new Build Order

Clem Terran - Winner!

Build Orders: Cyclone Opening 

Get SALT Encoding   

  12  0:00  SCV  
  13  0:12  SCV  
  14  0:17  Supply Depot  
  14  0:24  SCV  
  15  0:39  SCV  
  15  0:40  Barracks  
  16  0:45  Refinery  
  16  0:51  SCV  
  16  0:53  Refinery  
  17  1:03  SCV  
  18  1:15  SCV  
  19  1:27  Orbital Command  
  19  1:28  Reaper  
  20  1:33  Supply Depot  
  20  1:44  Factory  
  20  1:54  SCV  
  21  2:00  Reaper  
  22  2:06  SCV  
  23  2:18  SCV  
  24  2:24  Command Center  
  24  2:32  Cyclone  
  24  2:34  SCV  
  27  2:43  Starport  
  27  2:46  Barracks Reactor  
  27  2:49  SCV  
  28  2:58  Supply Depot  
  28  3:02  SCV  
  29  3:08  Cyclone  
  31  3:19  SCV, Medivac  
  34  3:28  Refinery  
  34  3:31  SCV  
  34  3:33  Barracks Tech Lab  
  35  3:35  Orbital Command  
  35  3:43  SCV  
  35  3:46  Cyclone  
  35  3:47  Cyclone  
  40  3:55  SCV  
  40  3:58  Supply Depot  
  40  4:02  SCV  
  42  4:03  Raven  
  42  4:08  SCV  
  45  4:14  SCV  
  46  4:18  Cyclone  
  46  4:20  SCV, Cyclone  
  49  4:26  SCV  
  49  4:29  Interference Matrix  
  50  4:32  SCV  
  50  4:36  Supply Depot  
  50  4:38  SCV, Barracks Tech Lab  
  52  4:42  Raven  
  52  4:45  SCV  
  55  4:49  Command Center  
  55  4:51  SCV  
  56  4:57  Refinery  
  56  4:58  SCV  
  57  5:01  Siege Tank  
  57  5:03  Supply Depot  
  57  5:05  SCV  
  57  5:07  Marine  
  61  5:08  Marine  
  61  5:10  SCV  
  64  5:17  SCV  
  64  5:23  SCV  
  65  5:29  SCV, Factory  
  65  5:35  SCV, Viking x2  
  67  5:41  SCV  
  72  5:43  Siege Tank  
  72  5:45  Supply Depot  
  72  5:47  SCV  
  76  5:53  SCV  
  77  5:59  SCV, Engineering Bay  
  75  6:05  SCV  
  75  6:06  Supply Depot  
  75  6:07  Viking  
  75  6:08  Viking  
  81  6:11  SCV  
  81  6:18  SCV, Siege Tank  
  85  6:23  SCV  
  85  6:24  Siege Tank  
  90  6:30  SCV  
  90  6:31  Orbital Command  
  90  6:35  SCV  
  90  6:36  Supply Depot  
  90  6:38  Viking  
  93  6:42  SCV  
  93  6:44  Viking  
  96  6:47  SCV  
  96  6:49  Supply Depot  
  96  6:53  Siege Tank  
  101  6:54  SCV, Orbital Command  
  101  6:56  Supply Depot  
  101  6:59  SCV  
  101  7:00  Siege Tank  
  104  7:06  SCV  
  105  7:10  Viking  
  105  7:13  SCV  
  108  7:16  Supply Depot  
  108  7:18  SCV  
  108  7:19  SCV  
  109  7:25  Sensor Tower  
  109  7:26  SCV  
  109  7:27  Supply Depot  
  109  7:29  Refinery  
  110  7:30  SCV, Refinery  
  110  7:32  Siege Tank  
  114  7:38  SCV  
  114  7:39  SCV  
  114  7:42  SCV, Siege Tank, Supply Depot  
  120  7:49  Viking  
  120  7:50  SCV  
  123  7:54  Viking  
  123  7:57  SCV  
  127  7:59  Armory, Supply Depot  
  127  8:01  Armory  
  127  8:03  SCV  
  127  8:04  SCV  
  128  8:09  Barracks Reactor, Factory  
  128  8:10  SCV  
  129  8:15  SCV  
  129  8:19  SCV, Siege Tank  
  134  8:25  Command Center  
  134  8:28  Missile Turret  
  134  8:29  Siege Tank  
  134  8:32  Viking  
  139  8:37  SCV  
  139  8:40  Viking  
  142  8:58  Supply Depot  
  142  9:01  SCV x2  
  144  9:04  SCV  
Show
View Real Time Build Order
Export as new Build Order

milkicow Terran 

Build Orders:  

Get SALT Encoding   

  12  0:00  SCV  
  13  0:12  SCV  
  14  0:18  Supply Depot  
  14  0:25  SCV  
  15  0:39  SCV  
  15  0:41  Barracks  
  16  0:45  Refinery  
  16  0:51  SCV  
  16  0:55  Refinery  
  17  1:03  SCV  
  18  1:15  SCV  
  19  1:29  Reaper, Orbital Command  
  20  1:33  Supply Depot  
  20  1:43  Factory  
  20  1:55  SCV  
  21  2:02  Barracks Reactor  
  21  2:08  SCV  
  22  2:21  SCV  
  23  2:26  Hellion  
  23  2:29  Command Center  
  25  2:36  Starport  
  25  2:38  SCV  
  26  2:44  Supply Depot  
  26  2:50  SCV  
  27  2:58  Barracks Tech Lab  
  29  3:00  Hellion x2  
  31  3:06  SCV  
  32  3:18  SCV  
  33  3:29  Siege Tank, Marine  
  33  3:32  Medivac  
  40  3:41  SCV  
  40  3:42  Orbital Command  
  40  3:44  Refinery  
  39  3:50  Marine x2  
  39  3:53  SCV  
  42  4:02  Siege Tank, Viking  
  47  4:05  SCV  
  47  4:09  SCV  
  49  4:13  Marine x2  
  51  4:17  SCV  
  51  4:22  SCV  
  51  4:29  SCV  
  52  4:34  SCV  
  52  4:41  SCV  
  53  4:46  SCV  
  53  4:50  Supply Depot  
  54  4:54  Starport Tech Lab  
  54  5:10  Command Center  
  54  5:11  SCV x2, Siege Tank, Marine x2  
  54  5:13  Supply Depot  
  61  5:23  Interference Matrix  
  61  5:26  SCV  
  62  5:29  Supply Depot  
  62  5:34  SCV, Marine x2  
  62  5:35  Raven  
  67  5:38  SCV  
  68  5:46  Barracks  
  68  5:47  SCV, Barracks  
  69  5:50  SCV  
  69  5:51  Siege Tank  
  69  5:53  Supply Depot  
  73  6:04  SCV, Marine x2  
  68  6:05  SCV  
  68  6:10  Engineering Bay x2  
  71  6:16  SCV  
  71  6:17  SCV, Supply Depot  
  73  6:19  Raven  
  73  6:23  Refinery  
  75  6:27  Orbital Command  
  75  6:28  SCV  
  75  6:29  SCV  
  75  6:33  Siege Tank  
  75  6:36  Barracks Tech Lab  
  78  6:40  Terran Infantry Weapons Level 1, Terran Infantry Armor Level 1  
  78  6:43  SCV  
  78  6:46  SCV  
  82  6:53  Missile Turret  
  80  6:54  Barracks  
  80  6:55  SCV, Barracks  
  80  6:58  Orbital Command  
  80  6:59  Marine x2  
  80  7:00  Marine  
  82  7:01  Stimpack  
  82  7:03  SCV  
  82  7:07  SCV  
  84  7:09  Starport Reactor, Siege Tank  
  84  7:12  Combat Shield  
  84  7:14  Marine  
  84  7:15  SCV  
  89  7:17  Marine x2  
  89  7:18  Marine  
  89  7:20  SCV  
  93  7:24  SCV  
  93  7:27  SCV  
  95  7:32  SCV, Marine  
  95  7:34  Supply Depot x2  
  95  7:35  Marine x3  
  95  7:36  SCV, Armory  
  101  7:40  SCV  
  101  7:43  Barracks Reactor x2  
  102  7:45  SCV, Siege Tank  
  102  7:50  Marine  
  107  7:51  SCV, Refinery  
  107  7:53  Refinery  
  107  7:54  Marine  
  107  7:56  Medivac x2  
  113  7:58  SCV  
  113  8:00  SCV  
  113  8:01  Supply Depot  
  113  8:04  Marine  
  113  8:05  Supply Depot  
  116  8:06  SCV  
  116  8:07  Marine  
  116  8:12  Marine  
  118  8:14  SCV  
  118  8:16  SCV  
  118  8:17  Marine  
  118  8:18  Siege Tank  
  122  8:21  Orbital Command, Marine x3  
  122  8:26  Medivac  
  125  8:28  SCV  
  125  8:33  Marine  
  124  8:37  Marine  
  124  8:38  Marine  
  124  8:39  Marine  
  124  8:40  Marine x2  
  128  8:42  Marine x2  
  128  8:43  SCV  
  128  8:44  Orbital Command  
  128  8:47  SCV  
  129  8:51  Marine  
  129  8:55  Marine  
  126  8:56  Marine  
  126  8:57  SCV, Marine  
  128  9:08  SCV  
  121  9:10  SCV  
Tags
 
Add a new tag
Caveats
  • Supply blocks, unpowered buildings, or Contaminate may cause inaccurate times.
  • Supply counts are checked every 10 seconds.